 Dungeon Crawl Stone Soup version 0.30-a0-1018-g25214051b3 (webtiles) character file.

Game seed: 205445851522556200

84 cheesebisquit the Grave Robber (level 4, 0/37 HPs)
             Began as a Hill Orc Necromancer on Apr 7, 2023.
             Slain by a gnoll
             ... wielding a +0 whip
              (5 damage)
             ... on level 3 of the Dungeon.
             The game lasted 00:04:53 (2129 turns).

cheesebisquit the Grave Robber (HONe)               Turns: 2129, Time: 00:04:53

Health: 0/37       AC:  2    Str: 10    XL:     4   Next: 46%
Magic:  7/7        EV: 12    Int: 17    God:
Gold:   48         SH:  0    Dex: 11    Spells: 6/7 levels left

rFire   . . .      SeeInvis .    g - +0 mace
rCold   . . .      Faith    .    (no shield)
rNeg    . . .      Spirit   .    a - +0 robe
rPois   .          Reflect  .    (no helmet)
rElec   .          Rampage  .    o - scarf {+Inv}
rCorr   .                        (no gloves)
Will    .....                    (no boots)
Stlth   ++                       l - amulet of regeneration
HPRegen 1.06/turn                (no ring)
MPRegen 0.10/turn                (no ring)

@: no status effects
A: no striking features
a: Evoke Invisibility


You were on level 3 of the Dungeon.
You visited 1 branch of the dungeon, and saw 3 of its levels.

You collected 48 gold pieces.

Inventory:

Hand Weapons
 g - a +0 mace (weapon)
Missiles
 f - 6 poisoned darts
Armour
 a - a +0 robe (worn)
 o - a scarf of invisibility (worn)
Magical Staves
 j - a staff of air
Jewellery
 l - an amulet of regeneration (around neck)
Scrolls
 d - a scroll of fear {unknown}
 e - a scroll of magic mapping {unknown}
 h - 2 scrolls of fog {unknown}
 m - a scroll of identify {unknown}
 n - a scroll of torment {unknown}
Potions
 c - a potion of cancellation {unknown}
 i - a potion of curing {unknown}
 k - a potion of lignification {unknown}


   Skills:
 + Level 2.5 Fighting
 - Level 1.5 Dodging
 - Level 1.5 Stealth
 + Level 2.3 Spellcasting
 + Level 4.6 Necromancy


You had 6 spell levels left.
You knew the following spells:

 Your Spells              Type           Power      Damage    Failure   Level
a - Necrotise             Necr           68%        1d7       2%          1

Your spell library contained the following spells:

 Spells                   Type           Power      Damage    Failure   Level
 Vampiric Draining        Necr           17%        2d7       9%          3
 Animate Dead             Necr           17%        N/A       26%         4
 Agony                    Necr           17%        N/A       58%         5


Dungeon Overview and Level Annotations

Branches:
Dungeon (3/15)

Altars:
Makhleb


Message History

You finish putting on your scarf of invisibility.
You become transparent for a moment. 2 gnolls come into view.
The gnoll shouts! x2; You hear a shout!
The gnoll writhes in agony!
The gnoll hits you from afar with a +0 spear.
A gnoll comes into view. It is wielding a +0 spear.
The gnoll writhes in agony.
The gnoll shouts!
The gnoll misses you.
The gnoll writhes in agony.
You kill the gnoll!
The dead are walking!
The gnoll barely resists.
A gnoll comes into view. It is wielding a +0 spear.
The gnoll writhes in agony.
Your gnoll skeleton barely misses the gnoll.
The gnoll closely misses you.
The gnoll hits you from afar with a +0 spear.
The gnoll writhes in agony.
The gnoll hits you from afar with a +0 spear!
The gnoll hits you with a +0 whip.
Your gnoll skeleton closely misses the gnoll.
Your gnoll skeleton hits the gnoll.
The gnoll writhes in agony.
The gnoll misses you. The gnoll hits you with a +0 whip.
Your gnoll skeleton barely misses the gnoll.
You barely miss the gnoll.
The gnoll is heavily wounded.
The gnoll hits you from afar with a +0 spear.
The gnoll hits your gnoll skeleton with a +0 spear.
The gnoll hits you with a +0 whip!
* * * LOW HITPOINT WARNING * * *
Your gnoll skeleton barely misses the gnoll.
Magic courses through your body. The gnoll closely misses you.
The gnoll hits your gnoll skeleton with a +0 spear.
The gnoll hits you from afar with a +0 spear.
* * * LOW HITPOINT WARNING * * *
The gnoll attacks as you move away! The gnoll hits you with a +0 whip.
You die...

#######
#Zgg@.#
#g###.####
.. #....#
## #....#
#....#
#....#
#....#
#....#
#<...#


You could see 3 gnolls and a friendly gnoll skeleton.

Vanquished Creatures
  2 gnolls
  3 adders (D:2)
  A ball python (D:2)
  5 bats
  3 endoplasms
  3 giant cockroaches
  3 goblins
  2 hobgoblins
  3 jackals (D:2)
  3 kobolds
  2 quokkas
  2 frilled lizards
  A rat (D:1)
33 creatures vanquished.

Vanquished Creatures (collateral kills)
  A kobold (D:1)
  A rat (D:1)
2 creatures vanquished.

Grand Total: 35 creatures vanquished

Notes
Turn   | Place    | Note
-------+----------+-------------------------------------------
     0 | D:1      | cheesebisquit the Hill Orc Necromancer began the quest for
                  | the Orb.
     0 | D:1      | Reached XP level 1. HP: 14/14 MP: 3/3
   157 | D:1      | Reached skill level 1 in Fighting
   157 | D:1      | Reached XP level 2. HP: 23/23 MP: 1/4
   298 | D:1      | You fall into a shaft and drop 1 floor!
   622 | D:1      | Reached XP level 3. HP: 28/28 MP: 1/6
  1331 | D:2      | Found a burning altar of Makhleb.
  1552 | D:2      | Reached XP level 4. HP: 36/36 MP: 3/7
  2129 | D:3      | Slain by a gnoll

Illustrated notes

Levels and vault maps discovered:
D:1:      eino_arrival_water_star, layout_loops_ring, hangedman_decor_points,
          columned_hall_lemuel
D:2:      layout_loops_cross, basic_altar, st_stairs_5
D:3:      layout_basic, eat_drink_and_be_merry_uskayaw, lemuel_round_altar,
          amcnicky_altar_gilded, bloody_makhleb

Skill      XL: |  1  2  3 |
---------------+----------+-----
Fighting       | 1 2 |  2.5
Spellcasting   | 2 |  2.3
Dodging        | |  1.5
Stealth        | |  1.5
Necromancy     | |  4.6

Action                     |  1- 3 |  4- 6 || total
---------------------------+-------+-------++-------
  Melee: Unarmed           |     7 |       ||     7
         Mace              |     2 |     4 ||     6
   Cast: Necrotise         |    62 |    19 ||    81
    Use: Potion            |       |     1 ||     1
 Armour: Robe              |       |     2 ||     2
  Dodge: Dodged            |    12 |     9 ||    21

Table legend: (Time is in decaauts)
 A = Elapsed time spent in this place.
 B = Non-inter-level travel time spent in this place.
 C = Inter-level travel time spent in this place.
 D = Time resting spent in this place.
 E = Time spent auto-exploring this place.
 F = Levels seen in this place.
 G = Mean time per level.
                   A        B        C        D        E       F      G
               +--------+--------+--------+--------+--------+-----+--------+
         Total |   2131 |   1971 |    160 |      0 |   1722 |   3 |  710.3 |
       Dungeon |   2131 |   1971 |    160 |      0 |   1722 |   3 |  710.3 |
               +--------+--------+--------+--------+--------+-----+--------+

Top non-repeatable levels by time:
     D:1: 1057 daAuts
     D:2: 1040 daAuts
     D:3: 33 daAuts
